 Dungeon Crawl Stone Soup version 0.20.1-1-g8b1a95d (webtiles) character file.

68 Linguinho the Sneak (level 4, 0/30 HPs)
             Began as a Halfling Assassin on Oct 28, 2017.
             Succumbed to a worker ant's poison
             ... on level 4 of the Dungeon.
             The game lasted 00:07:45 (2695 turns).

Linguinho the Sneak (Halfling Assassin)             Turns: 2695, Time: 00:07:46

Health: 0/30       AC:  3    Str: 12    XL:     4   Next: 41%
Magic:  4/4        EV: 14    Int:  9    God:
Gold:   211        SH:  0    Dex: 16    Spells: 3/3 levels left

rFire    . . .     SeeInvis .   a - +2 dagger
rCold    . . .     Gourm    .   (shield restricted)
rNeg     + . .     Faith    .   c - +0 robe
rPois    .         Spirit   .   (no helmet)
rElec    .         Reflect  .   d - +0 cloak
rCorr    .         Harm     .   (no gloves)
MR       .....                  (no boots)
Stlth    +++.......             (no amulet)
Regen    0.1/turn               q - ring of positive energy
MPRegen  0.1/turn               (no ring)

@: lethally poisoned (0 -> -7)
A: mutation resistance 1
a: no special abilities


You were on level 4 of the Dungeon.
You were not hungry.

You visited 1 branch of the dungeon, and saw 4 of its levels.

You collected 211 gold pieces.

Inventory:

Hand Weapons
 a - a +2 dagger (weapon)
 b - a +0 blowgun
Missiles
 e - 8 poisoned needles
 f - 2 curare-tipped needles
 m - 119 stones (quivered)
Armour
 c - a +0 robe (worn)
 d - a +0 cloak (worn)
Jewellery
 q - a ring of positive energy (left hand)
Wands
 x - a wand of flame (28/48)
Scrolls
 i - 2 scrolls of enchant weapon
 r - a scroll of fear {unknown}
 s - a scroll of amnesia {unknown}
 u - 2 scrolls of immolation {unknown}
 v - a scroll of teleportation {unknown}
 w - a scroll of recharging {unknown}
 y - a scroll of magic mapping {unknown}
Potions
 j - a potion of degeneration {unknown}
 k - a potion of agility {unknown}
 l - 2 potions of might {unknown}
 n - a potion of curing {unknown}
 p - a potion of ambrosia {unknown}
 t - 2 potions of brilliance {unknown}
 A - a potion of magic {unknown}
Books
 o - a book of Minor Magic

   Spells                             Type                      Level
   a - Magic Dart                     Conjuration                  1
   b - Blink                          Translocation                2
   c - Call Imp                       Summoning                    2
   d - Slow                           Hexes                        2
   e - Conjure Flame                  Conjuration/Fire             3
   f - Mephitic Cloud                 Conjuration/Poison/Air       3
Comestibles
 g - a bread ration
 h - 4 royal jellies
 z - a meat ration
 B - a fruit


   Skills:
 + Level 2.3 Fighting
 + Level 2.9 Short Blades
 + Level 2.0 Throwing
 + Level 1.3 Dodging
 + Level 5.6 Stealth


You had 3 spell levels left.
You didn't know any spells.

Dungeon Overview and Level Annotations

Branches:
Dungeon (4/15)
 Temple: D:4-7

Altars:
Okawaru

Annotations:
D:3 Linguinho's ghost, amateur HaAs


Innate Abilities, Weirdness & Mutations

You are small and have problems with some larger weapons.
You are somewhat resistant to further mutation.


Message History

The worker ant completely misses you.
You completely miss the worker ant. The worker ant barely misses you.
You barely miss the worker ant.
You feel sick. The worker ant bites you.
You closely miss the worker ant. The worker ant bites you.
You are lethally poisoned!
The worker ant poisons you!
You are too injured to fight recklessly!
You feel sick.
You feel sick.
You feel sick.
* * * LOW HITPOINT WARNING * * *
You feel sick.
* * * LOW HITPOINT WARNING * * *
You feel sick. The worker ant bites you.
* * * LOW HITPOINT WARNING * * *
* * * LOW HITPOINT WARNING * * *
You feel sick.
* * * LOW HITPOINT WARNING * * *
You feel sick.
You die...

######## ## #..@.a.#
..
#.####h###########..
#<# #..s.s.Z....#..
#.# #########......
#.# #.#.#.. #.#
#.#.#.. #.# #...Z..
#.# #...#.Z #.#
#...#..


You could see a worker ant and a jackal.

Vanquished Creatures
  2 adders (D:3)
  A worm (D:2)
  4 leopard geckos
  2 bats (D:2)
  4 giant cockroaches
  5 goblins
  2 hobgoblins
  7 jackals
  2 kobolds
  2 quokkas (D:2)
  A ball python (D:1)
  3 frilled lizards
  6 rats
41 creatures vanquished.

Notes
Turn   | Place    | Note
-------+----------+-------------------------------------------
     0 | D:1      | Linguinho the Halfling Assassin began the quest for the Orb.
     0 | D:1      | Reached XP level 1. HP: 14/14 MP: 1/1
   503 | D:1      | Reached XP level 2. HP: 12/19 MP: 2/2
  1062 | D:2      | Reached skill level 5 in Stealth
  1089 | D:2      | Reached XP level 3. HP: 24/24 MP: 3/3
  1759 | D:3      | Found an iron altar of Okawaru.
  1803 | D:3      | Noticed Linguinho's ghost (amateur HaAs)
  2229 | D:3      | Reached XP level 4. HP: 25/29 MP: 4/4
  2694 | D:4      | HP: 1/30 [poisoned by a worker ant]
  2695 | D:4      | Succumbed to a worker ant's poison

Skill      XL: |  1  2 |
---------------+-------+-----
Fighting       | 2 |  2.3
Stealth        | 5 |  5.6
Short Blades   | |  2.9
Throwing       | |  2.0
Dodging        | |  1.3

Action                   |  1- 3 |  4- 6 || total
-------------------------+-------+-------++-------
Melee: Dagger            |    96 |    30 ||   126
  Use: Scroll            |     2 |       ||     2
 Stab: Sleeping          |    13 |     1 ||    14
  Eat: Chunk             |     2 |       ||     2
       Meat ration       |     1 |       ||     1
Armor: Robe              |    17 |     7 ||    24
Dodge: Dodged            |    68 |    22 ||    90
